 Dungeon Crawl Stone Soup version 0.29-a0-664-gff9cad4a3d (webtiles) character file.

Game seed: 277432553599159696

456 dolemite99 the Insei (level 7, -1/49 HPs)
             Began as a Djinni Gladiator on June 23, 2022.
             Was an Initiate of Gozag.
             Slain by an orc wizard
             ... wielding a +0 dagger
              (2 damage)
             ... on level 7 of the Dungeon.
             The game lasted 00:04:22 (4972 turns).

dolemite99 the Insei (Djinni Gladiator)             Turns: 4972, Time: 00:04:23

Health: -1/49      AC:  6    Str: 15    XL:     7   Next: 27%
Gold:   428        EV: 11    Int:  9    God:    Gozag SH:  0 Dex: 15

rFire   + + .      SeeInvis .     - Unarmed
rCold   x . .      Faith    .   (no shield)
rNeg    . . .      Spirit   .   i - +0 ring mail
rPois   ∞          Reflect  .   b - +0 helmet
rElec   .          Harm     .   (no cloak)
rCorr   .          Rampage  .   (no gloves)
Will    +....                   (boots unavailable)
Stlth   +.........              (no amulet)
HPRegen 0.16/turn               l - ring of willpower
MPRegen 0.00/turn               (no ring)

@: mighty, brilliant, flying
A: sickness immunity, fire resistance 2, cold vulnerability 1, float, innate
caster, HP casting, extra vitality 1
a: Renounce Religion, Potion Petition, Call Merchant, Bribe Branch


You were on level 7 of the Dungeon.
You worshipped Gozag.
Gozag was aware of your devotion.
You visited 1 branch of the dungeon, and saw 5 of its levels.

You collected 467 gold pieces.
You paid 39 gold pieces to Gozag.

Inventory:

Hand Weapons
 u - a +1 vorpal trident
Missiles
 c - 3 throwing nets (quivered)
 d - a javelin
 j - 25 stones
 q - 16 poisoned darts
Armour
 a - a +0 leather armour
 b - a +0 helmet (worn)
 i - a +0 ring mail (worn)
Magical Staves
 k - a staff of fire
Jewellery
 l - a ring of willpower (left hand)
 o - an amulet of magic regeneration
Scrolls
 e - 3 scrolls of teleportation
 g - a scroll of blinking {unknown}
 n - a scroll of identify {@r1}
 s - a scroll of poison {unknown}
Potions
 m - a potion of cancellation
 p - a potion of attraction


   Skills:
 - Level 2.0 Fighting
 - Level 1.5 Throwing
 - Level 3.2 Dodging
 + Level 7.7 Unarmed Combat


You couldn't memorise any spells.
You knew the following spells:

 Your Spells              Type           Power      Damage    Failure   Level
a - Sandblast             Erth           0%         2d4       63%         1
b - Static Discharge      Conj/Air       0%         N/A       77%         2
c - Vampiric Draining     Necr           0%         2d6       94%         3
Your spell library was empty.

Dungeon Overview and Level Annotations

Branches:
Dungeon (4/15)
 Temple: D:4-7

Altars:
Cheibriados
Gozag
The Shining One

Shops:
D:2 (

Annotations:
D:3 2 transporters, happo123's ghost, amateur GrCj


Innate Abilities, Weirdness & Mutations

You are immune to sickness and miasma.
You are immune to poison.
Your flesh is very heat resistant. (rF++)
You are vulnerable to cold. (rC-)
You float through the air rather than walking.
You learn spells naturally, not from books.
Your magical power is your life essence.
You have superior vitality. (+4 MHP)


Message History

Your punch misses the orc priest.
The orc priest is almost dead.
You hit the orc.
The orc is almost dead.
The orc priest calls down the wrath of Beogh upon you.
You easily resist.
The orc barely misses you.
An orc priest comes into view. It is wielding a +0 club.
The orc wizard hits you but does no damage.
You hit the orc priest.
The orc priest is almost dead.
The orc priest hits you but does no damage.
The orc hits you with a +0 flail.
The orc priest calls down the wrath of Beogh upon you.
Beogh smites you!
* * * LOW HITPOINT WARNING * * *
The orc wizard gestures wildly while chanting.
The orc wizard flickers and vanishes!
Deactivating autopickup; reactivate with Ctrl-A.
It was a potion of might.
You feel very mighty all of a sudden.
The orc priest hits you but does no damage.
The orc hits you with a +0 flail.
* * * LOW HITPOINT WARNING * * *
The orc priest looks braver for a moment.
Something hits you but does no damage.
It was a potion of flight.
You feel more buoyant.
The orc priest calls down the wrath of Beogh upon you.
You easily resist.
The orc closely misses you.
You hear some strange, mumbled words.
A magic dart appears from out of thin air!
The magic dart hits you.
* * * LOW HITPOINT WARNING * * *
It was a potion of brilliance.
You feel clever all of a sudden. The orc priest barely misses you.
The orc closely misses you.
The orc priest calls upon Beogh to heal the orc priest.
Something hits you.
You die...
Your body crumbles into a pile of gold.

#..# .... ##
.#.oo #.#####
..#.. ##.....##
...o.. #@o.....#
......##{o.....#
!.......o......#
............#.##
.....o....### #
$ ..##........##
#.........#
##.........##
#..
#....#......##


You could see 2 orc priests and 2 orcs.

Vanquished Creatures
  A phantom (D:3)
  3 bullfrogs (D:7)
  An iron imp (D:3)
  An orc priest (D:4)
  An iguana (D:4)
  5 adders
  2 worms (D:2)
  4 dart slugs
  2 orcs (D:4)
  8 endoplasms
  3 giant cockroaches
  5 goblins
  3 hobgoblins
  3 kobolds
  3 quokkas
  2 ball pythons
  8 bats
  4 frilled lizards
  8 rats
67 creatures vanquished.

Notes
Turn   | Place    | Note
-------+----------+-------------------------------------------
     0 | D:1      | dolemite99 the Djinni Gladiator began the quest for the
                  | Orb.
     0 | D:1      | Reached XP level 1. HP: 18/18 MP: 0/0
    80 | D:1      | Reached XP level 2. HP: 22/23 MP: 0/0
   433 | D:1      | Reached skill level 4 in Unarmed Combat
   433 | D:1      | Reached XP level 3. HP: 24/28 MP: 0/0
   433 | D:1      | Learned a level 1 spell: Sandblast
  1316 | D:2      | Found an opulent altar of Gozag.
  1347 | D:2      | Reached XP level 4. HP: 19/33 MP: 0/0
  1721 | D:2      | Became a worshipper of Gozag Ym Sagoz the Greedy
  1925 | D:2      | Found Pecoump's Antique Weapon Emporium.
  2382 | D:2      | Reached skill level 5 in Unarmed Combat
  3070 | D:3      | Found a faded altar of an unknown god.
  3253 | D:3      | Found a transporter.
  3253 | D:3      | Noticed happo123's ghost (amateur GrCj)
  3254 | D:3      | Found a transporter.
  3284 | D:3      | Found a snail-covered altar of Cheibriados.
  3303 | D:3      | Reached XP level 5. HP: 20/38 MP: 0/0
  3303 | D:3      | Learned a level 2 spell: Static Discharge
  3583 | D:3      | Noticed a phantom
  3596 | D:3      | Killed a phantom
  3597 | D:3      | Reached skill level 6 in Unarmed Combat
  3597 | D:3      | Reached XP level 6. HP: 31/43 MP: 0/0
  3933 | D:3      | Found a glowing golden altar of the Shining One.
  4619 | D:4      | You are sucked into a shaft and drop 3 floors!
  4645 | D:7      | Reached skill level 7 in Unarmed Combat
  4679 | D:7      | Reached XP level 7. HP: 31/49 MP: 0/0
  4679 | D:7      | Learned a level 3 spell: Vampiric Draining
  4971 | D:7      | HP: 1/49 [something/magic dart (4)]
  4972 | D:7      | Slain by an orc wizard

Illustrated notes

Levels and vault maps discovered:
D:1:      minmay_arrival_four_circles, layout_loops_ring,
          minmay_misc_feat_doors, chequers_serial_rivers_micro_c
D:2:      layout_basic, serial_shops, shop, basic_altar
D:3:      layout_basic, slow_altar_1, tso_oasis_becter,
          ebering_ecumenical_altar_webs, gammafunk_ghost_mausoleum
D:4:      layout_loops_ring, mainiacjoe_overflow_alcove_2
D:7:      layout_cave_pools, old_standard_altar, serial_shops,
          nicolae_shop_stone, minmay_misc_feat_encased

Skill      XL: |  1  2  3  4  5  6 |
---------------+-------------------+-----
Unarmed Combat | 4 5 6 7 |  7.7
Fighting       | |  2.0
Throwing       | |  1.5
Dodging        | |  3.2

Action                   |  1- 3 |  4- 6 |  7- 9 || total
-------------------------+-------+-------+-------++-------
Melee: Unarmed           |   121 |   162 |    27 ||   310
       Punch             |       |     6 |     2 ||     8
  Use: Scroll            |       |     8 |     1 ||     9
       Potion            |       |       |     3 ||     3
 Stab: Sleeping          |       |     1 |       ||     1
Armor: Leather armour    |    56 |    27 |       ||    83
       Ring mail         |       |    13 |     6 ||    19
Dodge: Dodged            |    95 |    99 |    25 ||   219

Table legend: (Time is in decaauts)
 A = Elapsed time spent in this place.
 B = Non-inter-level travel time spent in this place.
 C = Inter-level travel time spent in this place.
 D = Time resting spent in this place.
 E = Time spent auto-exploring this place.
 F = Levels seen in this place.
 G = Mean time per level.
                   A        B        C        D        E       F      G
               +--------+--------+--------+--------+--------+-----+--------+
         Total |   4941 |   4860 |     81 |   1488 |   2456 |   5 |  988.2 |
       Dungeon |   4941 |   4860 |     81 |   1488 |   2456 |   5 |  988.2 |
               +--------+--------+--------+--------+--------+-----+--------+

Top non-repeatable levels by time:
     D:2: 1659 daAuts
     D:3: 1159 daAuts
     D:1: 1122 daAuts
     D:4: 653 daAuts
     D:7: 347 daAuts
